 Dungeon Sprint DCSS version 0.26-a0-1086-g9010512d90 (webtiles) character file.

Game seed: 11058173511288113809

25 sahdkjhfkaj the Grave Robber (level 2, -14/15 HPs)
             Began as a Deep Elf Necromancer on Dec 14, 2020.
             Demolished by an ogre
             ... wielding a +0 giant club
              (24 damage)
             ... in the Dungeon (Sprint I: "Red Sonja").
             The game lasted 00:00:20 (319 turns).

sahdkjhfkaj the Grave Robber (Deep Elf Necromancer)  Turns: 319, Time: 00:00:20

Health: -14/15     AC:  2    Str:  5    XL:     2   Next: 82%
Magic:  4/9        EV: 14    Int: 19    God:
Gold:   0          SH:  0    Dex: 15    Spells: 9/10 levels left

rFire    . . .     SeeInvis .   (no weapon)
rCold    . . .     Faith    .   (no shield)
rNeg     . . .     Spirit   .   a - +0 robe
rPois    .         Reflect  .   (no helmet)
rElec    .         Harm     .   (no cloak)
rCorr    .         Rampage  .   (no gloves)
Will     .....     NoTele   +   (no boots)
Stlth    ++........             (no amulet)
HPRegen  0.05/turn              (no ring)
MPRegen  0.11/turn              (no ring)

@: no status effects
A: no striking features
a: no special abilities


You were in the Dungeon.
You visited 1 branch

Inventory:

Armour
 a - a +0 robe (worn)
Scrolls
 h - a scroll of blinking
Potions
 c - a potion of curing {@q1}
 d - a potion of heal wounds {@q2}
 e - a potion of haste {@q3}
 f - 2 potions of magic
 g - a potion of berserk rage


   Skills:
 + Level 4.1 Dodging
 - Level 2.4 Stealth
 + Level 4.7 Spellcasting
 * Level 6.9 Necromancy


You had 9 spell levels left.
You knew the following spells:

 Your Spells              Type           Power        Failure   Level
a - Pain                  Necr           ####         1%          1

Your spell library contained the following spells:

 Spells                   Type           Power        Failure   Level
 Animate Skeleton         Necr           ####..       1%          1
 Vampiric Draining        Necr           ####......   2%          3
 Animate Dead             Necr           ####......   8%          4
 Agony                    Necr           ####....     21%         5


Dungeon Overview and Level Annotations

Branches:
Dungeon (1/1)

Altars:


Message History

Options error: Bad channel -- food (~/.crawlrc:4444) Welcome, sahdkjhfkaj the Deep Elf Necromancer.
Found a staircase leading out of the dungeon.
You open the door.
Ijyb the Twisted Goblin comes into view.
She is wielding a +0 club.
Ijyb shouts!
Unknown command.
Aim: Ijyb, wielding a +0 club and wearing a +0 ring mail (chance to affect: 86%) Ijyb writhes in agony.
Aim: Ijyb, wielding a +0 club and wearing a +0 ring mail (moderately wounded, chance to affect: 86%) Ijyb writhes in agony.
Ijyb hits you with a +0 club.
Aim: Ijyb, wielding a +0 club and wearing a +0 ring mail (moderately wounded, chance to affect: 86%) Ijyb writhes in agony.
Aim: Ijyb, wielding a +0 club and wearing a +0 ring mail (heavily wounded, chance to affect: 86%) Ijyb writhes in agony.
Ijyb hits you but does no damage.
Aim: Ijyb, wielding a +0 club and wearing a +0 ring mail (heavily wounded, chance to affect: 86%) Ijyb writhes in agony.
Ijyb screams, "I dance on your bones!" Ijyb completely misses you.
Aim: Ijyb, wielding a +0 club and wearing a +0 ring mail (severely wounded, chance to affect: 86%) Ijyb writhes in agony!
You kill Ijyb!
Your Dodging skill gained 2 levels and is now at level 4!
Your Spellcasting skill increases to level 4!
Your Necromancy skill gained 2 levels and is now at level 6!
You have reached level 2!
Unknown command.
You start resting.
You start resting.
There is an open door here.
Things that are here:
a +0 club; a +0 ring mail; the goblin corpse of Ijyb You start waiting.
Done waiting.
You open the door.
An ogre comes into view. It is wielding a +0 giant club.
Aim: an ogre, wielding a +0 giant club (asleep, chance to affect: 84%)
The ogre writhes in agony!
Aim: an ogre, wielding a +0 giant club (moderately wounded, chance to affect: 84%)
The ogre writhes in agony!
Aim: an ogre, wielding a +0 giant club (heavily wounded, chance to affect: 84%)
The ogre writhes in agony.
The ogre closely misses you.
Aim: an ogre, wielding a +0 giant club (severely wounded, chance to affect: 84%)
The ogre writhes in agony.
Aim: an ogre, wielding a +0 giant club (severely wounded, chance to affect: 84%)
The ogre barely resists.
The ogre hits you with a +0 giant club!!
Ouch! That really hurt!
You die...

##########
#<.#.@O..#
#..)..#..+
#..#### +#
#..# #..#
#..# #⌠⌠#
####


You could see an ogre.

Vanquished Creatures
  Ijyb (D)
1 creature vanquished.

Notes
Turn   | Place    | Note
-------+----------+-------------------------------------------
     0 | D        | sahdkjhfkaj the Deep Elf Necromancer began the quest for
                  | the Orb.
     0 | D        | Reached XP level 1. HP: 10/10 MP: 6/6
     1 | D        | Noticed Ijyb
     7 | D        | Killed Ijyb
     8 | D        | Reached skill level 6 in Necromancy
     8 | D        | Reached XP level 2. HP: 4/15 MP: 0/9
   314 | D        | Noticed an ogre
   319 | D        | Demolished by an ogre

Illustrated notes

Levels and vault maps discovered:
D:        dungeon_sprint_1 [red_sonja_temple_1, red_sonja_temple_small_1]

Skill      XL: |  1 |
---------------+----+-----
Dodging        | 4 |  4.1
Spellcasting   | 4 |  4.7
Necromancy     | 6 |  6.9
Stealth        | |  2.4

Action                   || total
-------------------------++-------
 Cast: Pain              ||    11
Armor: Robe              ||     1
Dodge: Dodged            ||     2

Table legend: (Time is in decaauts)
 A = Elapsed time spent in this place.
 B = Non-inter-level travel time spent in this place.
 C = Inter-level travel time spent in this place.
 D = Time resting spent in this place.
 E = Time spent auto-exploring this place.
 F = Levels seen in this place.
 G = Mean time per level.
                   A        B        C        D        E       F      G
               +--------+--------+--------+--------+--------+-----+--------+
         Total |    319 |    319 |      0 |    303 |      0 |   1 |  319.0 |
       Dungeon |    319 |    319 |      0 |    303 |      0 |   1 |  319.0 |
               +--------+--------+--------+--------+--------+-----+--------+

Top non-repeatable levels by time:
       D: 319 daAuts
